 Dungeon Crawl Stone Soup version 0.32-a0-933-ga8fa3634e4 (webtiles) character file.

Game seed: 12886616037796395543

20562 ezpacito the Fighter (level 12, -6/94 HPs)
             Began as a Coglin Chaos Knight on Apr 15, 2024.
             Was a Plaything of Xom.
             Mangled by a harpy simulacrum (10 damage)
             ... on level 12 of the Dungeon.
             The game lasted 00:20:32 (9710 turns).

ezpacito the Fighter (Coglin Chaos Knight)          Turns: 9710, Time: 00:20:32

Health: -6/94      AC: 18    Str: 21      XL:     12   Next: 80%
Magic:  18/18      EV: 11    Int: 18      God:    Xom [*.....]
Gold:   268        SH:  4    Dex:  7 (8)  Spells: 5/19 levels left

rFire   + . .        a - +1 hand axe (chaos) {Appius}
rCold   . . .        s - +2 trident (drain) {Dalbir}
rNeg    . . .        C - +5 ring mail "Tifoaczousk" {rPois}
rPois   +            v - +0 helmet
rElec   .            r - +0 cloak
rCorr   .            K - +1 pair of gloves
SInv    +            u - +0 pair of boots of the Guardian {Regen+ Int+4 Dex-4 SInv}
Will    .....        (amulet unavailable)
Stlth   +++          (ring unavailable)
HPRegen 1.15/turn    (ring unavailable)
MPRegen 0.16/turn    (no gizmo)

%: no passive effects
@: revving
A: off-hand wielding, slow wielding, warmup strikes, no jewellery, large bone
plates 1, camouflage 1, clever 1, fire resistance 1, strong 1
a: Invent Gizmo, Renounce Religion


You were on level 12 of the Dungeon.
You worshipped Xom.
You were a special plaything of Xom.
You visited 2 branches of the dungeon, and saw 13 of its levels.
You also visited: Sewer.

You collected 1620 gold pieces.
You spent 1352 gold pieces at shops.

Inventory:

Hand Weapons
 a - a +1 hand axe of chaos (weapon) {Appius}
 s - a +2 trident of draining (offhand) {Dalbir}
 G - the +8 sling "Xom's Ringing Laughter" {heavy, Int+5}
   (You took it off an orc on level 6 of the Dungeon)

   Int+5:     It affects your intelligence (+5).
 H - a +0 war axe
Missiles
 k - 24 boomerangs
 p - 21 poisoned darts (quivered)
 B - 2 darts of dispersal
 D - 2 datura-tipped darts
 I - 2 curare-tipped darts
 M - a throwing net
Armour
 g - a +1 chain mail of willpower
 h - +0 acid dragon scales
 r - a +0 cloak (worn)
 u - the +0 pair of boots of the Guardian (worn) {Regen+ Int+4 Dex-4 SInv}
   (You bought it in a shop on level 5 of the Dungeon)

   Int+4:     It affects your intelligence (+4).
   Dex-4:     It affects your dexterity (-4).
   SInv:      It lets you see invisible.
   Regen+:    It increases your rate of health regeneration.
 v - a +0 helmet (worn)
 C - the +5 ring mail "Tifoaczousk" (worn) {rPois}
   (You bought it in a shop on level 5 of the Dungeon)

   rPois:     It protects you from poison.
 F - a +0 plate armour
 K - a +1 pair of gloves (worn)
 P - a +0 hat
Magical Staves
 L - a staff of conjuration
Wands
 b - a wand of roots (4)
 l - a wand of mindburst (2)
 y - a wand of paralysis (19)
 E - a wand of flame (7)
 Q - a wand of polymorph (1)
Scrolls
 c - a scroll of butterflies
 e - a scroll of torment
 f - 2 scrolls of amnesia
 i - 3 scrolls of identify
 j - a scroll of fog
 o - 2 scrolls of poison
 t - 2 scrolls of teleportation
 w - 2 scrolls of enchant armour
 x - 2 scrolls of silence
 A - 5 scrolls of vulnerability
 J - 2 scrolls of immolation
 S - a scroll of enchant weapon
Potions
 d - 3 potions of mutation
 m - 4 potions of brilliance
 n - a potion of magic
 q - a potion of curing
 z - 6 potions of enlightenment
 O - 3 potions of ambrosia
 R - a potion of lignification
Miscellaneous
 N - a Gell's gravitambourine (1/2)


   Skills:
 * Level 8.5 Fighting
 * Level 8.4(9.8) Axes
 * Level 7.1(8.7) Polearms
 + Level 2.9 Throwing
 * Level 7.4 Armour
 * Level 7.1 Dodging
 + Level 4.6 Stealth
 + Level 4.2 Spellcasting
 + Level 3.0 Conjurations
 + Level 2.8 Hexes
 + Level 3.3 Summonings
 + Level 3.0 Earth Magic
 + Level 5.7 Evocations


You had 5 spell levels left.
You knew the following spells:

 Your Spells              Type           Power      Damage    Failure   Level
a - Dazzling Flash        Conj/Hex       28%        N/A       21%         3
c - Call Canine Familiar  Summ           15%        N/A       17%         3
w - Passwall              Erth           14%        N/A       19%         3
z - Iskenderun's Battles  Conj           14%        2d7       87%         5

Your spell library contained the following spells:

 Spells                   Type           Power      Damage    Failure   Level
 Summon Small Mammal      Summ           60%        N/A       5%          1
 Slow                     Hex            52%        N/A       7%          1
 Ensorcelled Hibernation  Hex/Ice        16%        N/A       19%         2
 Momentum Strike          Conj/Tloc      18%        3d8       19%         2
 Confusing Touch          Hex            13%        N/A       21%         3
 Sigil of Binding         Hex            13%        N/A       21%         3
 Tukima's Dance           Hex            13%        N/A       21%         3
 Blink                    Tloc           6%         N/A       32%         2
 Cigotuvi's Dreadful Rot  Necr/Alch/Air  6%         N/A       32%         2
 Lesser Beckoning         Tloc           6%         N/A       32%         2
 Mercury Vapours          Alch/Air       6%         N/A       32%         2
 Mephitic Cloud           Conj/Alch/Air  7%         N/A       41%         3
 Frozen Ramparts          Ice            6%         1d1       54%         3
 Ozocubu's Armour         Ice            3%         N/A       54%         3
 Swiftness                Air            3%         N/A       54%         3
 Vampiric Draining        Necr           3%         2d6       54%         3
 Brom's Barrelling Bould  Conj/Erth      14%        2d4       54%         4
 Martyr's Knell           Necr/Summ      9%         N/A       73%         4
 Summon Blazeheart Golem  Fire/Summ      9%         N/A       73%         4
 Iskenderun's Mystic Bla Conj/Tloc 9%             2d4        (+2d1     75%         4
 Dimensional Bullseye     Hex/Tloc       4%         N/A       77%         4
 Dispel Undead            Necr           3%         3d7       91%         4
 Fireball                 Conj/Fire      4%         3d4       97%         5
 Metabolic Englaciation   Hex/Ice        4%         N/A       98%         5
 Freezing Cloud           Conj/Ice/Air   3%         6-21      99%         5
 Conjure Ball Lightning   Conj/Air       4%         3x3d6     100%        6
 Starburst                Conj/Fire      4%         6d4       100%        6
 Orb of Destruction       Conj           7%         9d6       100%        7
 Maxwell's Capacitive Co  Air            1%         ∞         100%        8


Dungeon Overview and Level Annotations

Branches:
Dungeon (12/15)            Temple (1/1) D:7            Lair (0/5) D:9
    Orc (0/2) D:9           Sewer (visited)

Altars:
Ashenzari
Cheibriados
Dithmenos
Elyvilon
Fedhas
Gozag
Hepliaklqana
Kikubaaqudgha
Makhleb
Nemelex Xobeh
Okawaru
Qazlal
Ru
Sif Muna
Trog
Uskayaw
Vehumet
Wu Jian
Xom
Yredelemnul
Zin
The Shining One
Beogh
Jiyva

Shops:
D:5 *[!(   D:6 [*=?   D:12 [

Annotations:
D:10 2 transporters


Innate Abilities, Weirdness & Mutations

You can wield a second weapon in your off-hand.
It takes a long time for you to wield or remove held weapons.
Your first few attacks do less damage.
You cannot equip rings or amulets.
You are partially covered in large bone plates. (SH +4)
Your skin changes colour to match your surroundings (Stealth+).
Your mind is acute. (Int +4, Str/Dex -1)
Your flesh is heat resistant. (rF+)
Your muscles are strong. (Str +4, Int/Dex -1)


Message History

The harpy simulacrum is heavily damaged.
You hit the harpy simulacrum with your +1 hand axe of chaos.
The harpy simulacrum seems to speed up.
Xom thinks this is hilarious!
The harpy simulacrum claws you but does no damage.
The harpy simulacrum barely misses you.
The harpy simulacrum claws you but does no damage.
The harpy simulacrum claws you. The harpy simulacrum freezes you!
The harpy simulacrum closely misses you.
The harpy simulacrum barely misses you.
You take 12 damage, and have 36/94 hp.
You hit the harpy simulacrum with your +1 hand axe of chaos.
Nothing appears to happen.
The harpy simulacrum is severely damaged.
You hit the harpy simulacrum but do no damage.
The harpy simulacrum misses you.
The harpy simulacrum claws you but does no damage. x4
The harpy simulacrum claws you. The harpy simulacrum freezes you!
* * * LOW HITPOINT WARNING * * *
You take 17 damage, and have 19/94 hp.
Okay, then.
Okay, then.
Aiming: Mindburst
Press: ? - help, Shift-Dir - straight line, f - harpy simulacrum
Aim: a harpy simulacrum (severely damaged, fast, not susceptible)
Okay, then.
Aiming: Throw Flame
Press: ? - help, Shift-Dir - straight line, f - harpy simulacrum
Aim: a harpy simulacrum (severely damaged, fast, 91% to hit)
The puff of flame hits the harpy simulacrum.
The harpy simulacrum melts!
The harpy simulacrum is almost destroyed.
The harpy simulacrum claws you but does no damage.
The harpy simulacrum claws you.
* * * LOW HITPOINT WARNING * * *
The harpy simulacrum freezes you!
* * * LOW HITPOINT WARNING * * *
The harpy simulacrum claws you but does no damage.
The harpy simulacrum barely misses you. The harpy simulacrum claws you!
You die...

##......# #.##.##.##
#.......# #.##.##.#
####..####.#
#.......#
#........#†#
###...###
..........## #...#
#..#.....♣# #...#
#.........# #...#
#..Z...♣.∩####...####
#.##@..####..........
#....................
####.###.............
#.# #####.#...#..#
#.# #.#...#..# #.#
#.#...#..# ...
#.#...#..# #.#
#.#...#..#
##.[.......


You could see a harpy simulacrum (fast).

Vanquished Creatures
  Fannar (D:11)
  A centaur warrior (D:10)
  2 two-headed ogres (D:10)
  5 skeletal warriors (D:11)
  The ghost of jestert79 the Magician, a novice GnFE (D:6)
  An ugly thing (D:12)
  A manticore (D:12)
  A cyclops (D:12)
  3 centaur zombies (D:11)
  A gargoyle (D:12)
  A komodo dragon (D:9)
  3 kobold demonologists (D:10)
  4 trolls
  A queen bee (D:6)
  A meliai zombie (D:11)
  3 shadows
  5 slime creatures (D:12)
  12 yaks
  2 wraiths
  A fire bat (D:10)
  A vampire (D:11)
  A wyvern (D:8)
  An acid dragon (D:12)
  A water moccasin (D:8)
  5 black bears
  A sky beast (D:8)
  6 orc warriors
  8 ogres
  4 centaurs (D:10)
  A phantom (D:5)
  3 kobold brigands
  5 scorpions
  5 wights (D:9)
  5 killer bees (D:6)
  2 bombardier beetles
  3 howler monkeys
  2 jellies
  A gnoll bouda (D:8)
  2 orc priests (D:9)
  4 hounds (D:5)
  2 sleepcaps (D:6)
  7 orc wizards
  14 iguanas
  Robin (D:4)
  4 gnolls (D:8)
  17 adders
  4 river rats (D:6)
  2 shadow imps
  2 white imps
  7 ufetubi
  3 dart slugs
  2 ribbon worms
  A ribbon worm (shapeshifter) (D:5)
  47 orcs
  4 bats
  10 endoplasms
  7 giant cockroaches
  14 goblins
  11 hobgoblins
  5 jackals
  3 quokkas
  8 ball pythons
  A frilled lizard (D:3)
  13 kobolds
  9 rats
309 creatures vanquished.

Vanquished Creatures (collateral kills)
  Lodul (D:11)
  A cyclops (D:11)
  A centaur zombie (D:11)
  5 yaks
  A wyvern (D:11)
  An ogre (D:11)
  A wight (D:9)
  A white imp (D:8)
  4 orcs
16 creatures vanquished.

Vanquished Creatures (others)
  3 orc warriors (D:9)
  2 orc priests (D:9)
  4 orcs (D:9)
  An orc zombie (D:7)
10 creatures vanquished.

Grand Total: 335 creatures vanquished

Notes
Turn   | Place    | Note
-------+----------+-------------------------------------------
     0 | D:1      | ezpacito the Coglin Chaos Knight began the quest for the
                  | Orb.
     0 | D:1      | Reached XP level 1. HP: 18/18 MP: 1/1
   188 | D:1      | Reached skill level 1 in Dodging
   214 | D:1      | Reached XP level 2. HP: 24/24 MP: 2/2
   785 | D:1      | Reached XP level 3. HP: 29/29 MP: 3/3
  1235 | D:2      | XOM: silly message
  1243 | D:2      | XOM: noise
  1248 | D:2      | XOM: divination: detect creatures
  1300 | D:2      | XOM: silly message
  1395 | D:2      | Reached XP level 4. HP: 25/36 MP: 4/4
  1410 | D:2      | XOM: divination: detect creatures
  1669 | D:2      | XOM: god gift: silvery potion {god gift}
  1738 | D:2      | Reached skill level 1 in Polearms
  1748 | D:2      | XOM: give mutations
  1748 | D:2      | Gained mutation: Your mind is acute. (Int +4, Str/Dex -1)
                  | [Xom's grace]
  1748 | D:2      | Gained mutation: You are partially covered in large bone
                  | plates. (SH +4) [Xom's grace]
  1748 | D:2      | Gained mutation: Your muscles are strong. (Str +4, Int/Dex
                  | -1) [Xom's grace]
  1848 | D:3      | Reached XP level 5. HP: 9/42 MP: 6/6
  2144 | D:3      | XOM: god gift: 812 gold pieces
  2573 | D:4      | Reached skill level 1 in Spellcasting
  2624 | D:4      | Reached skill level 1 in Stealth
  2758 | D:4      | XOM: fog
  2776 | D:4      | XOM: divination: magic mapping
  2783 | D:4      | Noticed Robin
  2794 | D:4      | Killed Robin
  2795 | D:4      | Reached XP level 6. HP: 33/48 MP: 7/7
  3152 | D:4      | XOM: scenery: create altars
  3173 | D:4      | Reached XP level 7. HP: 54/54 MP: 9/9
  3355 | D:5      | Entered Level 5 of the Dungeon
  3355 | D:5      | Found Feexijen's Antique Armour Emporium.
  3381 | D:5      | Bought a pair of faintly humming boots for 266 gold pieces
  3381 | D:5      | Identified the +0 pair of boots of the Guardian {Regen+
                  | Int+4 Dex-4 SInv} (You bought it in a shop on level 5 of
                  | the Dungeon)
  3381 | D:5      | Bought an encrusted ring mail for 252 gold pieces
  3381 | D:5      | Identified the +5 ring mail "Tifoaczousk" {rPois} (You
                  | bought it in a shop on level 5 of the Dungeon)
  3450 | D:5      | Found Lepteenu's Distillery.
  3462 | D:5      | Bought a potion of heal wounds for 65 gold pieces
  3462 | D:5      | Bought a potion of brilliance for 52 gold pieces
  3462 | D:5      | Bought 2 potions of heal wounds for 130 gold pieces
  3462 | D:5      | Bought a potion of curing for 39 gold pieces
  3462 | D:5      | Bought a potion of curing for 39 gold pieces
  3462 | D:5      | Bought a potion of brilliance for 52 gold pieces
  3462 | D:5      | Bought a potion of magic for 104 gold pieces
  3464 | D:5      | Found Giwkafot's Assorted Antiques.
  3495 | D:5      | XOM: 7-stop teleportation journey
  3514 | D:5      | XOM: cleaving
  3516 | D:5      | XOM: scenery: summon butterflies
  3550 | D:5      | XOM: enchant monster (good)
  3551 | D:5      | Found Bumejys's Weapon Emporium.
  3579 | D:5      | Noticed Eustachio
  3579 | D:5      | XOM: 2-stop teleportation journey
  3585 | D:5      | Eustachio changed into Eustachio the glowing shapeshifter
  3585 | D:5      | Noticed Eustachio (glowing shapeshifter)
  3585 | D:5      | XOM: polymorph Eustachio -> Eustachio the glowing
                  | shapeshifter
  3585 | D:5      | Eustachio the glowing shapeshifter changed into Eustachio
                  | the acid dragon
  3586 | D:5      | Eustachio the acid dragon changed into Eustachio the naga
  3586 | D:5      | Noticed Eustachio (glowing shapeshifter)
  3590 | D:5      | Eustachio the naga changed into Eustachio the gnoll
  3666 | D:5      | HP: 1/55 [iguana (17)]
  3729 | D:5      | XOM: enchant monster (good)
  3751 | D:5      | Reached XP level 8. HP: 49/61 MP: 10/10
  3942 | D:5      | Reached skill level 1 in Evocations
  4095 | D:5      | Reached skill level 5 in Fighting
  4208 | D:6      | Found Fitum's Jewellery Shop.
  4249 | D:6      | XOM: scenery: create altars
  4268 | D:6      | Found a transporter.
  4289 | D:6      | Noticed a queen bee
  4295 | D:6      | Noticed jestert79's ghost (novice GnFE)
  4326 | D:6      | Found a transporter.
  4386 | D:6      | Found Lequ's Assorted Antiques.
  4386 | D:6      | Noticed a troll
  4391 | D:6      | XOM: fake destruction
  4422 | D:6      | Killed a troll
  4423 | D:6      | Reached skill level 5 in Axes
  4472 | D:6      | Found Jutait's Antique Armour Boutique.
  4472 | D:6      | XOM: 6-stop teleportation journey
  4474 | D:6      | Identified the +8 sling "Xom's Ringing Laughter" {heavy,
                  | Int+5}
  4524 | D:6      | Found an ancient bone altar of Kikubaaqudgha.
  4801 | D:6      | Found Batar's Magic Scroll Boutique.
  4805 | D:6      | Bought a scroll of revelation for 82 gold pieces
  4888 | D:6      | Reached XP level 9. HP: 56/68 MP: 12/12
  4898 | D:6      | Found a glowing drain.
  4912 | Sewer    | Entered a sewer
  5011 | Sewer    | Found a white marble altar of Elyvilon.
  5297 | D:6      | XOM: scenery: summon butterflies
  5303 | D:6      | Killed jestert79's ghost
  5309 | D:6      | Killed a queen bee
  5312 | D:6      | Reached skill level 5 in Armour
  5375 | D:7      | Found a staircase to the Ecumenical Temple.
  5395 | Temple   | Entered the Ecumenical Temple
  5462 | D:7      | XOM: polymorph wyvern -> endoplasm
  5798 | D:7      | XOM: god gift: Gell's gravitambourine (2/2)
  5893 | D:7      | Learned a level 3 spell: Passwall
  5897 | D:7      | Learned a level 3 spell: Call Canine Familiar
  5903 | D:7      | Learned a level 5 spell: Iskenderun's Battlesphere
  5907 | D:7      | Learned a level 3 spell: Dazzling Flash
  5956 | D:8      | Reached XP level 10. HP: 66/77 MP: 14/14
  6098 | D:8      | XOM: summons 10 friendly demons
  6102 | D:8      | Reached skill level 5 in Dodging
  6112 | D:8      | Reached skill level 5 in Polearms
  6171 | D:8      | Reached skill level 1 in Summonings
  6198 | D:8      | XOM: scenery: summon butterflies
  6449 | D:9      | Found a staircase to the Lair.
  6463 | D:9      | XOM: polymorph hell rat -> white imp
  6466 | D:9      | Reached skill level 1 in Earth Magic
  6471 | D:9      | XOM: polymorph white imp -> ufetubus
  6488 | D:9      | XOM: 6-stop teleportation journey
  6636 | D:9      | XOM: cast spell 'Monstrous Menagerie'
  6639 | D:9      | Reached skill level 1 in Hexes
  6647 | D:9      | Reached skill level 1 in Throwing
  6726 | D:9      | XOM: cleaving
  6737 | D:9      | Reached skill level 1 in Conjurations
  6919 | D:9      | Found a roughly hewn altar of Beogh.
  6924 | D:9      | Found a staircase to the Orcish Mines.
  6931 | D:9      | XOM: divine lightning
  6962 | D:9      | XOM: scenery: 1 fountains blood, 1 doors close
  7020 | D:9      | XOM: scenery: 1 doors open
  7047 | D:9      | XOM: give mutations
  7047 | D:9      | Gained mutation: Your skin changes colour to match your
                  | surroundings (Stealth+). [Xom's grace]
  7047 | D:9      | Gained mutation: Your flesh is heat resistant. (rF+) [Xom's
                  | grace]
  7170 | D:9      | XOM: god gift: book of the Hunter
  7305 | D:5      | Bought a forked glass wand for 108 gold pieces
  7305 | D:5      | Bought a viscous cyan potion for 24 gold pieces
  7305 | D:5      | Bought a potion of curing for 81 gold pieces
  7362 | D:6      | Bought a scroll of identify for 58 gold pieces
  7431 | D:10     | Entered Level 10 of the Dungeon
  7463 | D:10     | Noticed a kobold demonologist
  7463 | D:10     | Noticed a kobold demonologist
  7464 | D:10     | XOM: scenery: create altars
  7468 | D:10     | XOM: cleaving
  7469 | D:10     | Noticed a kobold demonologist
  7469 | D:10     | XOM: divination: detect creatures
  7481 | D:10     | Killed a kobold demonologist
  7482 | D:10     | Killed a kobold demonologist
  7483 | D:10     | Reached XP level 11. HP: 84/84 MP: 16/16
  7484 | D:10     | XOM: cast spell 'Olgreb's Toxic Radiance'
  7509 | D:10     | Noticed a centaur warrior
  7520 | D:10     | XOM: summons 8 friendly demons
  7525 | D:10     | Killed a centaur warrior
  7687 | D:10     | XOM: polymorph yak -> centaur
  7692 | D:10     | XOM: summons friendly white imp
  7757 | D:10     | Found a transporter.
  7759 | D:10     | Found a transporter.
  7796 | D:10     | Found a viscous altar of Jiyva.
  7797 | D:10     | Noticed a two-headed ogre
  7805 | D:10     | Killed a two-headed ogre
  7878 | D:10     | Noticed a two-headed ogre
  7879 | D:10     | XOM: scenery: 3 doors open
  7886 | D:10     | Killed a two-headed ogre
  7994 | D:10     | XOM: give mutations
  7994 | D:10     | Gained mutation: Your mind is very acute. (Int +8, Str/Dex
                  | -2) [Xom's mischief]
  7994 | D:10     | Lost mutation: Your mind is very acute. (Int +8, Str/Dex
                  | -2) [Xom's mischief]
  8209 | D:10     | XOM: scenery: 1 doors close
  8348 | D:11     | XOM: cast spell 'Summon Hydra'
  8454 | D:11     | Noticed Lodul
  8462 | D:11     | Reached skill level 5 in Evocations
  8484 | D:11     | Killed Lodul
  8506 | D:11     | Noticed a cyclops
  8517 | D:11     | Reached XP level 12. HP: 54/92 MP: 17/17
  8763 | D:11     | XOM: scenery: 1 doors close
  8813 | D:11     | Noticed Fannar
  8824 | D:11     | XOM: summons 1 friendly demon
  8832 | D:11     | XOM: cast spell 'Animate Armour'
  8895 | D:11     | Killed Fannar
  9200 | D:12     | Found a snail-covered altar of Cheibriados.
  9235 | D:12     | XOM: noise
  9405 | D:12     | XOM: divination: detect items
  9437 | D:12     | XOM: summons 1 hostile shadow creature
  9439 | D:12     | XOM: smoke on damage
  9498 | D:12     | XOM: swap monsters
  9668 | D:12     | Found Ejegoxiq's Armour Shop.
  9700 | D:12     | Noticed a boulder beetle
  9705 | D:12     | XOM: stat loss: -1 Dex (7/8)
  9710 | D:12     | HP: 4/94 [harpy simulacrum (12)]
  9710 | D:12     | Mangled by a harpy simulacrum

Illustrated notes

Levels and vault maps discovered:
D:1:      matt_arrival_diagonals, layout_basic
D:2:      layout_rooms
D:3:      layout_basic, nrook_mini_backslash
D:4:      layout_cave_pools, minmay_misc_feat_alley, hangedman_decor_riveting,
          chequers_serial_rivers_micro_e, minmay_quadrilaterals, uniq_robin
D:5:      layout_rooms, serial_shops, shop, nicolae_shop_pleasant_corner_grove,
          shop, shop, nicolae_half_adder, uniq_eustachio
D:6:      layout_loops_ring, kiku_gazebo_garden_becter, serial_shops, shop,
          nicolae_shop_tiny_statue_garden, nicolae_diamond_shop,
          nicolae_lakefront_shop, portal_sewer_entry_e, gammafunk_ghost_hive,
          kennysheep_another_room
D:7:      layout_basic, minmay_temple_entry_wispy, kennysheep_generic_room_10
D:8:      layout_cave_pools, minmay_holes
D:9:      layout_loops_cross, dpeg_lair_monsters, david_orc_5
D:10:     gammafunk_jiyva_shrine, layout_irregular_city, minmay_misc_feat_iff
D:11:     layout_roguey, serial_undead, serial_undead_c, serial_undead_d,
          serial_undead_d, serial_undead_b, uniq_lodul, uniq_fannar
D:12:     layout_loops_cross, serial_shops, nicolae_shop_pleasant_corner_grove,
          minmay_misc_feat_diagonals, slow_altar_2
Temple:   regret_index_temple_sigil_plot

Skill      XL: |  1  2  3  4  5  6  7  8  9 10 11 12 |
---------------+-------------------------------------+-----
Dodging        | 1 2 3 4 5 6 7 |  7.1
Armour         | 2 3 4 5 6 7 |  7.4
Polearms       | 1 2 3 4 5 6 7 |  7.1
Spellcasting   | 1 2 3 4 |  4.2
Stealth        | 1 2 3 4 |  4.6
Fighting       | 4 5 6 7 8 |  8.5
Axes           | 4 5 6 7 8 |  8.4
Evocations     | 2 3 4 5 |  5.7
Summonings     | 1 2 3 |  3.3
Earth Magic    | 1 2 3 |  3.0
Hexes          | 1 2 |  2.8
Throwing       | 1 2 |  2.9
Conjurations   | 1 2 3 |  3.0

Action                     |  1- 3 |  4- 6 |  7- 9 | 10-12 || total
---------------------------+-------+-------+-------+-------++-------
  Melee: Hand axe          |    96 |   118 |   379 |   354 ||   947
         Dagger            |    89 |   108 |   303 |       ||   500
         Morningstar       |       |       |    64 |   119 ||   183
         Trident           |       |       |       |   286 ||   286
  Evoke: Wand              |       |       |       |    21 ||    21
         Gell's gravitambo |       |       |       |     3 ||     3
    Use: Scroll            |       |     7 |    14 |     8 ||    29
         Potion            |       |       |     8 |    19 ||    27
   Stab: Confused          |       |     2 |       |    11 ||    13
         Petrified         |       |       |    49 |     8 ||    57
         Petrifying        |       |       |     3 |     1 ||     4
         Paralysed         |       |       |     4 |       ||     4
         Invisible         |       |       |       |     3 ||     3
         Sleeping          |       |       |       |     6 ||     6
         Held in net/web   |       |       |       |     1 ||     1
 Armour: Leather armour    |    54 |    25 |       |       ||    79
         Chain mail        |       |    81 |    15 |       ||    96
         Ring mail         |       |       |   312 |   326 ||   638
  Dodge: Dodged            |    55 |    52 |   237 |   239 ||   583
  Block: Other             |       |    16 |    61 |    65 ||   142

Table legend: (Time is in decaauts)
 A = Elapsed time spent in this place.
 B = Non-inter-level travel time spent in this place.
 C = Inter-level travel time spent in this place.
 D = Time resting spent in this place.
 E = Time spent auto-exploring this place.
 F = Levels seen in this place.
 G = Mean time per level.
                   A        B        C        D        E       F      G
               +--------+--------+--------+--------+--------+-----+--------+
         Total |   9715 |   8945 |    770 |    158 |   6332 |  14 |  693.9 |
       Dungeon |   9538 |   8768 |    770 |    158 |   6218 |  12 |  794.8 |
        Temple |      1 |      1 |      0 |      0 |      0 |   1 |    1.0 |
         Sewer |    175 |    175 |      0 |      0 |    114 |   1 |  175.0 |
               +--------+--------+--------+--------+--------+-----+--------+

Top non-repeatable levels by time:
     D:1: 1140 daAuts
     D:6: 1101 daAuts
     D:5: 871 daAuts
     D:9: 859 daAuts
    D:10: 822 daAuts
     D:4: 790 daAuts
     D:3: 739 daAuts
    D:11: 736 daAuts
     D:2: 697 daAuts
    D:12: 640 daAuts
     D:7: 598 daAuts
     D:8: 539 daAuts
   Sewer: 175 daAuts
  Temple: 1 daAuts
